 Dungeon Crawl Stone Soup version 0.27-a0-1378-gdefffd1ff6 (webtiles) character file.

Game seed: 6469132814171578137

3237 quinnr the Destroyer (level 9, -6/62 HPs)
             Began as a Demonspawn Air Elementalist on June 30, 2021.
             Was a Follower of Vehumet.
             Blown up by Joseph (15 damage)
             ... with a mindburst bolt
             ... on level 8 of the Dungeon.
             The game lasted 00:26:37 (11597 turns).

quinnr the Destroyer (Demonspawn Air Elementalist) Turns: 11597, Time: 00:26:37

Health: -6/62      AC:  3    Str:  8    XL:     9   Next: 66%
Magic:  2/15       EV: 13    Int: 25    God:    Vehumet [*.....]
Gold:   416        SH:  0    Dex: 15    Spells: 10/16 levels left

rFire    . . .     SeeInvis +   y - +7 whip "Goload" {venom, SInv}
rCold    . . .     Faith    .   (no shield)
rNeg     . . .     Spirit   .   a - +0 robe
rPois    +         Reflect  .   (no helmet)
rElec    .         Harm     .   p - +0 cloak {rPois}
rCorr    .         Rampage  .   (no gloves)
Will     +....                  (no boots)
Stlth    ++........             (no amulet)
HPRegen  0.20/turn              d - +6 ring of intelligence
MPRegen  0.14/turn              r - ring of willpower

@: swift (expiring), very quick
A: talons 1, spiny 1, sturdy frame 2
a: Renounce Religion


You were on level 8 of the Dungeon.
You worshipped Vehumet.
Vehumet was aware of your devotion.
You visited 2 branches of the dungeon, and saw 9 of its levels.
You also visited: Ossuary.

You collected 416 gold pieces.

Inventory:

Hand Weapons
 k - a +3 vorpal whip
 y - the +7 whip "Goload" (weapon) {venom, SInv}
   (You found it on level 7 of the Dungeon)

   It poisons the flesh of those it strikes.
   SInv:      It lets you see invisible.
Missiles
 b - 144 stones
 g - 59 poisoned darts
 C - a throwing net
Armour
 a - a +0 robe (worn)
 p - a +0 cloak of poison resistance (worn)
 v - a scarf of harm
Jewellery
 d - a +6 ring of intelligence (left hand)
 r - a ring of willpower (right hand)
 u - a ring of resist corrosion
Wands
 n - a wand of digging (3)
 o - a wand of flame (27)
 E - a wand of paralysis (10)
 F - a wand of iceblast (6)
Scrolls
 e - 3 scrolls of blinking
 f - a scroll of enchant weapon
 h - a scroll of teleportation
 i - 2 scrolls of fog
 w - a scroll of immolation
 z - 3 scrolls of magic mapping
Potions
 c - 3 potions of mutation
 j - 4 potions of might
 l - 3 potions of flight
 m - 6 potions of curing
 q - 2 potions of attraction
 s - a potion of ambrosia
 t - a potion of brilliance
 x - 2 potions of haste
 A - a potion of degeneration
 B - a potion of magic
 D - a potion of invisibility {unknown}


   Skills:
 + Level 2.5 Fighting
 + Level 1.8 Maces & Flails
 + Level 3.1 Dodging
 + Level 3.3 Stealth
 + Level 4.0 Spellcasting
 - Level 11.1 Conjurations
 + Level 3.4 Air Magic
 + Level 2.6 Evocations


You had 10 spell levels left.
You knew the following spells:

 Your Spells              Type           Power      Damage    Failure   Level
a - Shock                 Conj/Air       100%       1d9       1%          1
b - Static Discharge      Conj/Air       41%        N/A       1%          2
c - Swiftness             Air            22%        N/A       7%          3

Your spell library contained the following spells:

 Spells                   Type           Power      Damage    Failure   Level
 Magic Dart               Conj           100%       1d8       1%          1
 Animate Skeleton         Necr           10%        N/A       9%          1
 Apportation              Tloc           10%        N/A       9%          1
 Corona                   Hex            5%         N/A       9%          1
 Summon Small Mammal      Summ           20%        N/A       9%          1
 Lightning Bolt           Conj/Air       20%        1d35      13%         5
 Airstrike                Air            11%        N/A       22%         4
 Cause Fear               Hex            2%         N/A       65%         4
 Silence                  Hex/Air        6%         N/A       77%         5
 Yara's Violent Unravell  Hex/Tmut       2%         3d3       94%         5
 Discord                  Hex            2%         N/A       100%        8


Dungeon Overview and Level Annotations

Branches:
Dungeon (8/15)             Temple (1/1) D:6         Ossuary (visited)
   Lair: D:8-11

Altars:
Ashenzari
Cheibriados
Dithmenos
Elyvilon
Fedhas
Gozag
Hepliaklqana
Kikubaaqudgha
Makhleb
Nemelex Xobeh
Qazlal
Ru
Sif Muna
Trog
Uskayaw
Vehumet
Wu Jian
Xom
Yredelemnul
Zin
The Shining One

Annotations:
D:8 Joseph


Innate Abilities, Weirdness & Mutations

You have sharp toenails.
You are partially covered in sharp spines.
Your movements are less encumbered by armour. (ER -4)


Message History

Confirm with . or Enter, or press ? or * to list all spells.
Aiming: Shock (safe; 1% risk of failure)
Press: ? - help, Shift-Dir - straight line The zap hits Joseph.
Joseph is heavily wounded.
Joseph shoots a sling bullet.
The sling bullet hits you!!
Unknown command.
Casting: Shock (safe; 1% risk of failure)
Confirm with . or Enter, or press ? or * to list all spells.
Aiming: Shock (safe; 1% risk of failure)
Press: ? - help, Shift-Dir - straight line The zap hits Joseph.
Joseph is heavily wounded.
You start to feel a little slower.
Joseph shoots a sling bullet.
The sling bullet completely misses you.
Unknown command.
There is an open door here.
Casting: Shock (safe; 1% risk of failure)
Confirm with . or Enter, or press ? or * to list all spells.
Joseph is struck by an arc of lightning!
Joseph is severely wounded.
You are struck by an arc of lightning.
Joseph is struck by an arc of lightning.
Joseph is severely wounded.
You are struck by an arc of lightning.
* * * LOW HITPOINT WARNING * * *
The lightning grounds out.
Joseph unwields a +0 hunting sling.
Joseph wields a +0 quarterstaff.
Joseph is struck by your spines. Joseph hits you with a +0 quarterstaff!
* * * LOW HITPOINT WARNING * * *
Casting: Static Discharge (safe; 1% risk of failure)
Confirm with . or Enter, or press ? or * to list all spells.
Joseph is struck by an arc of lightning.
Joseph is almost dead.
You are struck by an arc of lightning.
* * * LOW HITPOINT WARNING * * *
Joseph is struck by an arc of lightning.
Joseph is almost dead.
The lightning grounds out.
Joseph zaps a wand.
Your mind is blasted!
You die...

.........#
.<.......######
...............
...............
...............
...............
.......@.......
######@###
#........#
#........#
#........# .
######..##..## .#
........##..###..#
#...................
#.............<.....
#...................


You could see Joseph.

Vanquished Creatures
  A wyvern (D:7)
  2 hornet zombies (Ossuary)
  3 sky beasts (D:7)
  An orc warrior (D:6)
  2 black bears
  An ice beast (D:7)
  A necrophage (D:4)
  3 ogres
  A centaur (D:7)
  A bullfrog (D:8)
  2 wyvern zombies
  A scorpion (D:4)
  3 water moccasin zombies
  7 centaur zombies
  5 bullfrog zombies (Ossuary)
  4 hounds
  A jelly (D:6)
  A centaur skeleton (D:5)
  2 orc priests (D:5)
  A gnoll shaman (D:7)
  A bullfrog skeleton (D:7)
  An iguana (D:5)
  Ijyb (D:3)
  Terence (D:2)
  A scorpion zombie (D:5)
  2 killer bee zombies (Ossuary)
  17 mummies (Ossuary)
  A howler monkey zombie (Ossuary)
  Robin (D:2)
  8 gnolls (D:7)
  5 adders
  A white imp (D:5)
  4 ufetubi
  3 dart slugs
  10 orcs
  11 ball pythons
  9 endoplasms
  2 giant cockroaches
  7 goblins
  5 hobgoblins
  12 jackals
  3 quokkas
  5 bats (D:1)
  A frilled lizard (D:2)
  A jackal skeleton (D:4)
  8 kobolds
  5 rats
169 creatures vanquished.

Vanquished Creatures (others)
  109 plants (D:1)
  5 withered plants (Ossuary)
114 creatures vanquished.

Grand Total: 283 creatures vanquished

Notes
Turn   | Place    | Note
-------+----------+-------------------------------------------
     0 | D:1      | quinnr the Demonspawn Air Elementalist began the quest for
                  | the Orb.
     0 | D:1      | Reached XP level 1. HP: 13/13 MP: 3/3
   112 | D:1      | Gained mutation: You are partially covered in sharp spines.
                  | [demonic ancestry]
   112 | D:1      | Reached XP level 2. HP: 18/19 MP: 0/5
   480 | D:1      | Reached skill level 2 in Conjurations
   720 | D:1      | Reached XP level 3. HP: 24/24 MP: 2/7
  1558 | D:2      | Learned a level 2 spell: Static Discharge
  1602 | D:2      | Reached skill level 3 in Conjurations
  1602 | D:2      | Gained mutation: Your movements are slightly less
                  | encumbered by armour. (ER -2) [demonic ancestry]
  1602 | D:2      | Reached XP level 4. HP: 30/30 MP: 4/8
  1802 | D:2      | Noticed Terence
  1808 | D:2      | Killed Terence
  1942 | D:2      | Noticed Robin
  1946 | D:2      | Killed Robin
  1947 | D:2      | Reached skill level 4 in Conjurations
  2621 | D:3      | Noticed Ijyb
  2634 | D:3      | HP: 2/30 [Ijyb (5)]
  2720 | D:3      | Killed Ijyb
  2721 | D:3      | Gained mutation: Your movements are less encumbered by
                  | armour. (ER -4) [demonic ancestry]
  2721 | D:3      | Reached XP level 5. HP: 12/35 MP: 2/9
  2993 | D:3      | Found a faded altar of an unknown god.
  3617 | D:5      | Entered Level 5 of the Dungeon
  3802 | D:5      | Reached skill level 5 in Conjurations
  3918 | D:5      | Reached XP level 6. HP: 30/41 MP: 2/10
  4038 | D:5      | Found a sand-covered staircase.
  4098 | D:5      | Reached skill level 6 in Conjurations
  4221 | Ossuary  | Entered an ossuary
  4622 | Ossuary  | Reached skill level 7 in Conjurations
  4622 | Ossuary  | Gained mutation: You have sharp toenails. [demonic
                  | ancestry]
  4622 | Ossuary  | Reached XP level 7. HP: 28/46 MP: 3/11
  4879 | Ossuary  | Reached skill level 8 in Conjurations
  5264 | Ossuary  | Reached skill level 9 in Conjurations
  5264 | Ossuary  | Reached XP level 8. HP: 21/52 MP: 2/12
  5891 | Ossuary  | Reached skill level 10 in Conjurations
  6959 | D:5      | Reached skill level 11 in Conjurations
  7150 | D:6      | Found a staircase to the Ecumenical Temple.
  7150 | D:6      | Found the +15 Maxwell's patent armour {-Cast -Tele rElec
                  | Will+ rCorr}
  7169 | Temple   | Entered the Ecumenical Temple
  7390 | Temple   | Became a worshipper of Vehumet
  8326 | D:4      | Reached XP level 9. HP: 52/58 MP: 7/13
  8639 | D:6      | Reached skill level 1 in Fighting
  8639 | D:6      | Reached skill level 1 in Evocations
  9482 | D:7      | Learned a level 3 spell: Swiftness
  9720 | D:7      | Reached skill level 1 in Maces & Flails
  9802 | D:7      | Identified the +7 whip "Goload" {venom, SInv}
 10222 | D:7      | Reached * piety under Vehumet
 10222 | D:7      | Offered knowledge of Magic Dart by Vehumet.
 10269 | D:7      | Learned a level 1 spell: Magic Dart
 10493 | D:7      | Identified the +2 robe "Kiesyaga" {Harm rN+ Will- Int+4}
 11584 | D:8      | Noticed Joseph
 11597 | D:8      | Blown up by Joseph

Illustrated notes

Levels and vault maps discovered:
D:1:      roderic_crop_circles_arrival_small, layout_rooms
D:2:      layout_basic, uniq_robin, uniq_terence
D:3:      layout_basic, ebering_ecumenical_altar_rust, moated_statue, uniq_ijyb
D:4:      layout_basic
D:5:      layout_basic, nicolae_ossuary_entry_false_entrances
D:6:      layout_rooms, temple_statues, minmay_misc_feat_four_crosses
D:7:      layout_loops_cross, serial_co_window_serial, co_window_corner_a,
          co_window_cross_1, co_window_of_opportunity_a, co_window_corner_a,
          co_window_paths_a, co_window_cross_1, co_window_cross_1,
          co_window_paths_a, co_window_paths_b, co_window_broadway_c,
          co_window_corner_b, co_window_corner_b, co_window_corner_b,
          co_window_4corner_b, glass_columns_a
D:8:      layout_gridville, kennysheep_generic_room_14, uniq_prince_ribbit1,
          uniq_joseph
Temple:   kilobyte_greek_temple

Skill      XL: |  1  2  3  4  5  6  7  8  9 |
---------------+----------------------------+-----
Conjurations   | 2 3 4 5 7 9 11 | 11.1
Spellcasting   | 3 4 |  4.0
Dodging        | 2 3 |  3.1
Stealth        | 2 3 |  3.3
Fighting       | 2 |  2.5
Evocations     | 2 |  2.6
Maces & Flails | 1 |  1.8
Air Magic      | 3 |  3.4

Action                   |  1- 3 |  4- 6 |  7- 9 || total
-------------------------+-------+-------+-------++-------
Melee: Unarmed           |    16 |       |       ||    16
       Whip              |       |    25 |    54 ||    79
       Kick              |       |       |    16 ||    16
Throw: Dart              |       |     4 |       ||     4
 Cast: Shock             |    86 |    61 |   190 ||   337
       Static Discharge  |       |    22 |    53 ||    75
       Magic Dart        |       |       |     9 ||     9
       Swiftness         |       |       |     2 ||     2
Evoke: Wand              |       |       |     2 ||     2
  Use: Scroll            |       |     7 |    15 ||    22
Armor: Robe              |    15 |     7 |    32 ||    54
Dodge: Dodged            |    31 |    32 |    84 ||   147

Table legend: (Time is in decaauts)
 A = Elapsed time spent in this place.
 B = Non-inter-level travel time spent in this place.
 C = Inter-level travel time spent in this place.
 D = Time resting spent in this place.
 E = Time spent auto-exploring this place.
 F = Levels seen in this place.
 G = Mean time per level.
                   A        B        C        D        E       F      G
               +--------+--------+--------+--------+--------+-----+--------+
         Total |  11641 |  11166 |    475 |   2499 |   7084 |  10 | 1164.1 |
       Dungeon |   9407 |   8995 |    412 |   1064 |   6659 |   8 | 1175.9 |
        Temple |    252 |    189 |     63 |      0 |    187 |   1 |  252.0 |
       Ossuary |   1981 |   1981 |      0 |   1435 |    238 |   1 | 1981.0 |
               +--------+--------+--------+--------+--------+-----+--------+

Top non-repeatable levels by time:
 Ossuary: 1981 daAuts
     D:7: 1888 daAuts
     D:5: 1713 daAuts
     D:2: 1476 daAuts
     D:1: 1200 daAuts
     D:4: 1089 daAuts
     D:3: 906 daAuts
     D:6: 780 daAuts
     D:8: 352 daAuts
  Temple: 252 daAuts
